Map: Vestiges de Bel’Shir EC (Void)

Players

diamadoshi - Winner!

  • Race: Terran Terran
  • League: Diamond
  • Spawn Location: 11:00

Smeerlap

  • Race: Zerg Zerg
  • League: Platinum
  • Spawn Location: 5:00

VOD

Have the link to the VOD?

Description

Time

  • Played on: Feb. 6, 2017, 10:30 a.m.
  • Length: 13:04
Show
View Real Time Build Order
Export as new Build Order

diamadoshi Terran - Winner!

Build Orders: Hellion Opening, Reaper Expand, MMM Bio 

Get SALT Encoding   

  12  0:01  SCV  
  13  0:13  SCV  
  14  0:18  Supply Depot  
  14  0:25  SCV  
  15  0:29  Refinery  
  15  0:40  SCV  
  16  0:45  Barracks  
  16  0:53  SCV  
  17  1:05  SCV  
  18  1:32  Orbital Command  
  18  1:35  Reaper  
  19  1:44  Command Center  
  19  1:53  Factory  
  19  1:57  SCV  
  20  2:07  Supply Depot  
  20  2:12  SCV  
  20  2:14  Barracks Reactor  
  21  2:24  SCV  
  22  2:36  SCV  
  23  2:56  Orbital Command  
  23  2:58  Hellion x2  
  27  3:00  Barracks Tech Lab  
  27  3:07  SCV  
  28  3:19  SCV, Hellion x2  
  33  3:25  Marauder  
  33  3:26  SCV  
  36  3:31  SCV, Supply Depot  
  37  3:38  SCV  
  37  3:40  Hellion  
  37  3:41  Hellion  
  42  3:42  Stimpack  
  42  3:43  SCV  
  42  3:48  Marauder  
  45  3:51  SCV  
  47  3:55  SCV  
  47  3:58  Supply Depot  
  47  4:02  Hellion  
  51  4:03  Hellion  
  51  4:07  SCV  
  53  4:11  Orbital Command  
  52  4:21  Supply Depot  
  52  4:22  Supply Depot  
  52  4:31  Barracks  
  52  4:32  Barracks  
  48  4:47  SCV x2  
  50  4:54  Hellion x2  
  50  4:59  SCV x2  
  56  5:11  SCV x2, Marauder  
  60  5:23  SCV  
  60  5:24  SCV  
  63  5:35  SCV  
  63  5:36  SCV  
  63  5:38  Barracks Reactor x2  
  64  5:47  Barracks Tech Lab  
  62  5:59  Combat Shields  
  62  6:06  Barracks  
  62  6:07  Barracks  
  62  6:08  Marauder x2  
  66  6:17  Concussive Shells  
  66  6:19  SCV x2  
  66  6:21  Starport  
  66  6:24  Refinery x2  
  68  6:29  Marauder  
  68  6:32  Marine x2, Marauder  
  74  6:39  Widow Mine  
  78  6:47  SCV x2  
  78  6:56  Barracks Tech Lab  
  78  7:02  Barracks Reactor  
  78  7:05  Supply Depot  
  78  7:08  Supply Depot x2  
  78  7:09  SCV, Marine x2  
  78  7:10  Marauder x2, Supply Depot  
  78  7:14  SCV  
  86  7:27  SCV x2, Marine x2  
  86  7:29  Marauder  
  92  7:30  Medivac  
  92  7:31  Marine x2  
  96  7:39  SCV  
  97  7:48  Marine x4  
  97  7:49  Marauder x2  
  97  7:50  Widow Mine, Medivac  
  97  7:51  Marauder  
  111  7:56  Barracks  
  111  7:58  Barracks  
  111  7:59  Barracks  
  111  8:00  SCV x2  
  111  8:02  Command Center  
  113  8:06  Marine x3  
  113  8:09  Command Center, Supply Depot  
  113  8:10  Marauder, Supply Depot  
  113  8:11  Supply Depot  
  113  8:12  SCV  
  118  8:22  SCV, Marine, Marauder x2  
  118  8:23  Supply Depot  
  118  8:24  Marine x2  
  126  8:30  Widow Mine  
  126  8:31  SCV, Marine, Medivac x2  
  126  8:32  Marauder  
  136  8:34  SCV, Supply Depot  
  136  8:40  Marine  
  138  8:43  SCV  
  138  8:44  Marauder x2  
  138  8:46  Marine x2, Barracks Tech Lab  
  138  8:47  Barracks Reactor  
  138  8:48  Marine  
  146  8:53  Marauder  
  146  8:58  Marine x2  
  146  9:04  Marine x2  
  146  9:05  Marauder x2  
  146  9:06  Marine, Marauder  
  155  9:16  Marine x2  
  159  9:23  Marine x2  
  159  9:24  Marine  
  156  9:27  Marauder x2  
  156  9:29  Orbital Command  
  156  9:30  SCV x2  
  160  9:40  Marauder x2  
  160  9:44  Marine  
  165  9:48  Marauder  
  167  9:53  Engineering Bay  
  140  10:17  Marine x6, Marauder x4  
  140  10:18  Marine  
  135  10:34  Marine  
  135  10:35  Marine x2  
  138  10:38  Marauder x2  
  138  10:39  Marauder x2  
  138  10:40  Marine x3  
  138  10:41  Marine  
  150  10:52  Medivac x2  
  154  11:00  Marauder x4  
  162  11:05  Marine x4  
  162  11:09  Command Center  
  164  11:21  Marauder x2  
  164  11:22  Marine x4, Marauder x2  
  164  11:23  Marine  
  164  11:35  Marine x2  
  164  11:39  Marine  
  158  11:40  Marine  
  158  11:43  Marauder x3  
  158  11:44  Marauder  
  156  11:56  Marine x3  
  156  11:57  Marine x4  
  162  12:04  Marauder x2  
  162  12:05  Marauder x2  
  165  12:16  Marine x2  
  165  12:17  Marine x5  
  163  12:25  Marauder x2  
  163  12:26  Marine, Marauder  
  163  12:34  Marine x2  
Show
View Real Time Build Order
Export as new Build Order

Smeerlap Zerg 

Build Orders: Pool First 

Get SALT Encoding   

  12  0:02  Drone  
  13  0:12  Drone  
  14  0:17  Overlord  
  14  0:26  Drone, Extractor  
  14  0:39  Drone x2  
  16  0:47  Spawning Pool  
  15  0:59  Drone  
  16  1:19  Hatchery  
  16  1:22  Drone  
  16  1:33  Metabolic Boost  
  16  1:39  Queen  
  18  1:49  Baneling Nest  
  18  1:51  Zergling x2  
  18  1:56  Zergling x2  
  18  2:00  Zergling x2  
  20  2:08  Overlord  
  20  2:13  Drone  
  21  2:27  Drone  
  22  2:56  Drone  
  22  2:57  Drone x4  
  27  3:01  Drone  
  27  3:02  Queen  
  30  3:09  Lair  
  30  3:10  Drone  
  30  3:11  Drone  
  32  3:14  Extractor  
  32  3:17  Drone  
  32  3:35  Zergling x8  
  36  3:46  Roach Warren  
  35  3:49  Drone  
  35  3:50  Overlord  
  36  3:57  Overlord  
  36  4:02  Evolution Chamber  
  36  4:03  Drone  
  36  4:09  Baneling  
  36  4:10  Baneling x4  
  36  4:13  Baneling  
  36  4:17  Baneling x2  
  32  4:47  Drone  
  32  4:48  Drone x9  
  42  4:57  Evolution Chamber  
  42  4:59  Evolution Chamber  
  38  5:00  Roach Warren  
  38  5:02  Overlord x2  
  38  5:03  Overlord  
  36  5:09  Extractor  
  36  5:12  Extractor  
  34  5:21  Drone x2  
  36  5:23  Zerg Ground Armor Level 1  
  36  5:31  Hatchery  
  35  5:40  Evolution Chamber  
  34  5:45  Roach x3  
  41  5:58  Hatchery  
  41  6:01  Roach x4  
  48  6:05  Zerg Missile Weapons Level 1  
  48  6:09  Zerg Melee Weapons Level 1  
  48  6:15  Drone  
  49  6:27  Glial Reconstitution  
  49  6:28  Centrifical Hooks  
  49  6:31  Drone x2  
  49  6:32  Drone  
  52  6:35  Drone  
  52  6:37  Drone  
  54  6:40  Drone  
  54  6:42  Drone  
  56  6:55  Roach x2  
  56  6:56  Zergling x2, Roach  
  56  6:59  Zergling x2  
  64  7:07  Drone x3  
  61  7:38  Roach x4  
  61  7:39  Roach x4  
  77  7:47  Infestation Pit  
  76  7:58  Zerg Ground Armor Level 2  
  76  8:19  Spine Crawler, Drone  
  76  8:20  Drone x2  
  78  8:27  Ravager x3  
  78  8:28  Ravager  
  67  8:56  Drone  
  67  8:57  Drone x3  
  67  8:58  Drone x11  
  82  9:07  Hive  
  82  9:18  Hatchery  
  80  9:47  Roach  
  80  9:49  Overlord x5  
  80  9:51  Pathogen Glands  
  44  10:33  Zergling x2, Ultralisk Cavern  
  44  10:34  Zergling x12  
  44  10:35  Zergling x8  
  54  10:44  Drone x2  
  56  11:10  Baneling  
  56  11:11  Baneling x21  
  56  11:18  Hatchery  
  42  11:42  Zergling x2, Ultralisk  
  42  11:43  Ultralisk x3  
  62  11:55  Zergling x8  
  62  11:56  Zergling x6, Roach  
  65  12:09  Zergling x2  
  47  12:33  Zergling x4  
  47  12:36  Baneling  
Tags
 
Add a new tag
Caveats
  • Supply blocks, unpowered buildings, or Contaminate may cause inaccurate times.
  • Supply counts are checked every 10 seconds.